 Dungeon Crawl Stone Soup version 0.31.0-9-g3a7656b989 (webtiles) character file.

Game seed: 10132015128435131153

923 qw the Skirmisher (level 7, -4/40 HPs)
             Began as a Deep Elf Hunter on Feb 2, 2024.
             Was a Believer of Okawaru.
             Slain by an orc priest
             ... wielding a +0 trident
              (6 damage)
             ... on level 6 of the Dungeon.
             The game lasted 00:00:23 (5812 turns).

qw the Skirmisher (Deep Elf Hunter)                 Turns: 5812, Time: 00:00:24

Health: -4/40      AC: 12    Str: 10    XL:     7   Next: 84%
Magic:  12/12      EV: 11    Int: 14    God:    Okawaru [**....]
Gold:   196        SH:  0    Dex: 18    Spells: 6/6 levels left

rFire   . . .        a - +0 shortbow
rCold   . . .        (shield currently unavailable)
rNeg    . . .        d - +0 ring mail
rPois   .            h - +1 helmet
rElec   .            (no cloak)
rCorr   .            i - +1 pair of gloves
SInv    .            c - +0 pair of boots
Will    .....        o - amulet of the acrobat
Stlth   +            (no ring)
HPRegen 0.26/turn    (no ring)
MPRegen 0.13/turn

%: acrobat, clarity
@: no status effects
A: iridescent scales 1, clarity
a: Renounce Religion, Heroism


You were on level 6 of the Dungeon.
You worshipped Okawaru.
Okawaru was pleased with you.
You visited 1 branch of the dungeon, and saw 6 of its levels.

You collected 196 gold pieces.


Innate Abilities, Weirdness & Mutations

You are partially covered in iridescent scales. (AC +2)
You possess an exceptional clarity of mind.


   Skills:
 - Level 2.4 Fighting
 + Level 10.7 Ranged Weapons
 - Level 1.2 Armour
 - Level 3.2 Dodging
 - Level 1.2 Stealth
 - Level 4.2 Invocations


You had 6 spell levels left.
You didn't know any spells.
Your spell library was empty.

Inventory:

Hand Weapons
 a - a +0 shortbow (weapon)
Armour
 c - a +0 pair of boots (worn)
 d - a +0 ring mail (worn)
 h - a +1 helmet (worn)
 i - a +1 pair of gloves (worn)
Jewellery
 o - an amulet of the acrobat (around neck)
Potions
 b - 2 potions of curing
 e - a potion of might {unknown}
 g - a potion of cancellation {unknown}
 j - a potion of heal wounds {unknown}
 l - a potion of degeneration {unknown}
 n - a potion of resistance {unknown}

Dungeon Overview and Level Annotations

Branches:
Dungeon (6/15)
 Temple: D:4-7

Altars:
Okawaru
Zin

Annotations:
D:4 2 transporters


Message History

The orc priest closely misses you.
You shoot an arrow.
The arrow hits the orc priest but does no damage.
The orc priest is moderately wounded.
The orc priest closely misses you.
You shoot an arrow.
The arrow hits the orc priest but does no damage.
The orc priest is moderately wounded.
The orc priest looks encouraged for a moment.
You shoot an arrow.
The arrow hits the orc priest but does no damage.
The orc priest is moderately wounded.
The orc priest calls down the wrath of Beogh upon you.
You struggle to resist.
You shoot an arrow.
The arrow hits the orc priest but does no damage.
The orc priest is moderately wounded.
The orc priest invokes the aid of Beogh against you.
Beogh smites you!
You shoot an arrow. The arrow hits the orc priest.
The orc priest is severely wounded.
The orc priest invokes the aid of Beogh against you.
Beogh smites you!
You shoot an arrow. The arrow hits the orc priest.
The orc priest is severely wounded.
The orc priest misses you.
You shoot an arrow.
The arrow closely misses the orc priest.
The orc priest calls down the wrath of Beogh upon you.
Pain shoots through your body!
You shoot an arrow. The arrow hits the orc priest.
The orc priest is severely wounded.
The orc priest closely misses you.
You shoot an arrow.
The arrow hits the orc priest but does no damage.
The orc priest is severely wounded.
The orc priest barely misses you.
You shoot an arrow. The arrow barely misses the orc priest.
The orc priest hits you from afar with a +0 trident.
You die...

........#
.......#
......#
.....#
....# .o.
#### ####)#
##..#
#..)@#
#...#
#....#
#...#
#....#
#...#
#....#
#...#
#...#####
##..#
###...###.#
###..#
#......#..#
#....#
#......#..#
#....#
#......#..#
#....#


You could see an orc priest.

Vanquished Creatures
  An ice beast (D:3)
  An ogre (D:3)
  2 scorpions
  A howler monkey (D:5)
  A bombardier beetle (D:5)
  A jelly (D:3)
  2 hounds
  5 iguanas
  2 orc wizards
  11 gnolls
  7 adders
  A shadow imp (D:5)
  2 ribbon worms
  10 orcs
  10 endoplasms
  4 giant cockroaches
  8 goblins
  7 hobgoblins
  7 jackals
  4 quokkas
  6 ball pythons
  8 bats
  2 frilled lizards
  3 kobolds
  8 rats
114 creatures vanquished.

Notes
Turn   | Place    | Note
-------+----------+-------------------------------------------
     0 | D:1      | qw the Deep Elf Hunter began the quest for the Orb.
     0 | D:1      | Reached XP level 1. HP: 12/12 MP: 3/3
     0 | D:1      | 0 ||| qw: Version: 0.3-a-155-g5e7d8dd
     0 | D:1      | 0 ||| qw: Game counter: 1713
     0 | D:1      | 0 ||| qw: Melee chars always use a shield: true
     0 | D:1      | 0 ||| qw: God list: Okawaru
     0 | D:1      | 0 ||| qw: Allow faded altars: false
     0 | D:1      | 0 ||| qw: Do Orc after clearing Dungeon:15 true
     0 | D:1      | 0 ||| qw: Do second Lair branch before Depths: true
     0 | D:1      | 0 ||| qw: Lair rune preference: random
     0 | D:1      | 0 ||| qw: Goals: Normal
     0 | D:1      | 0 ||| PLANNING D:1-11
   156 | D:1      | 156 ||| UPGRADING to +0 ring mail.
   166 | D:1      | 166 ||| DROPPING +0 leather armour.
   167 | D:1      | 167 ||| DROPPING scroll of butterflies.
   233 | D:1      | Reached skill level 6 in Ranged Weapons
   233 | D:1      | Reached XP level 2. HP: 16/16 MP: 4/4
   528 | D:1      | Reached XP level 3. HP: 20/20 MP: 5/5
   918 | D:2      | Reached skill level 7 in Ranged Weapons
  1464 | D:2      | Found an iron altar of Okawaru.
  1465 | D:2      | 1465 ||| PLANNING OKAWARU WORSHIP
  1465 | D:2      | 1465 ||| UPGRADING to +0 pair of gloves.
  1470 | D:2      | 1470 ||| READING 2 scrolls labelled CECRUGYGHI.
  1471 | D:2      | 1471 ||| READING scroll labelled ITEKABB YXIS.
  1471 | D:2      | 1471 ||| ENCHANTING +0 pair of gloves.
  1472 | D:2      | 1472 ||| DRINKING 2 dark potions.
  1472 | D:2      | Gained mutation: You sometimes lose your temper in combat.
                  | [potion of mutation]
  1472 | D:2      | Gained mutation: You have supernaturally acute eyesight.
                  | (SInv) [potion of mutation]
  1473 | D:2      | 1473 ||| DRINKING potion of mutation.
  1473 | D:2      | Lost mutation: You have supernaturally acute eyesight.
                  | (SInv) [potion of mutation]
  1473 | D:2      | Lost mutation: You sometimes lose your temper in combat.
                  | [potion of mutation]
  1473 | D:2      | Gained mutation: You are partially covered in iridescent
                  | scales. (AC +2) [potion of mutation]
  1473 | D:2      | Gained mutation: You possess an exceptional clarity of
                  | mind. [potion of mutation]
  1474 | D:2      | 1474 ||| DROPPING scroll of fear.
  1480 | D:2      | Became a worshipper of Warmaster Okawaru
  1481 | D:2      | 1481 ||| PLANNING D:1-11
  2039 | D:2      | 2039 ||| UPGRADING to +0 pair of boots.
  2044 | D:2      | 2044 ||| READING scroll labelled FIOZASS LUOTUL.
  2045 | D:2      | 2045 ||| READING scroll labelled HISHRU TELEQ.
  2045 | D:2      | 2045 ||| IDENTIFYING fuming black potion
  2046 | D:2      | 2046 ||| DROPPING potion of attraction.
  2072 | D:3      | Reached XP level 4. HP: 25/25 MP: 6/6
  2102 | D:3      | Reached skill level 8 in Ranged Weapons
  2172 | D:3      | Noticed an ogre
  2177 | D:3      | HP: 3/25 [ogre/+0 giant spiked club (22)]
  2178 | D:3      | Killed an ogre
  2178 | D:3      | Reached * piety under Okawaru
  2179 | D:3      | Reached skill level 9 in Ranged Weapons
  2179 | D:3      | Reached XP level 5. HP: 4/29 MP: 7/7
  2291 | D:3      | Reached skill level 1 in Invocations
  2373 | D:3      | Found a faded altar of an unknown god.
  2451 | D:3      | Noticed an ice beast
  2452 | D:3      | 2452 ||| RETREEEEATING.
  2453 | D:3      | 2453 ||| INVOKING Heroism.
  2459 | D:3      | Killed an ice beast
  2460 | D:3      | Reached XP level 6. HP: 36/36 MP: 5/9
  2922 | D:3      | 2922 ||| UPGRADING to +1 helmet.
  2927 | D:3      | 2927 ||| READING scroll labelled FIEXUC TUPPEKH.
  2928 | D:3      | 2928 ||| READING scroll labelled MUADAMAI ZAUG.
  2933 | D:3      | 2933 ||| READING scroll labelled HAUDDU KADAETAE.
  3034 | D:3      | 3034 ||| READING scroll labelled ICVASH WIJ AKH.
  3135 | D:3      | 3135 ||| DRINKING 3 silvery potions.
  3164 | D:4      | Reached skill level 1 in Armour
  3164 | D:4      | Reached skill level 3 in Invocations
  3185 | D:4      | Found a transporter.
  3360 | D:4      | Found a transporter.
  3528 | D:4      | Found a glowing silver altar of Zin.
  3737 | D:4      | Reached XP level 7. HP: 38/40 MP: 11/11
  4088 | D:4      | 4088 ||| DROPPING +1 pair of gloves.
  4089 | D:4      | 4089 ||| UPGRADING to amulet of the acrobat.
  4094 | D:4      | 4094 ||| READING scroll labelled ZIUPHE ETHRISCH.
  4095 | D:4      | 4095 ||| READING scroll labelled JIT KYKEUXT.
  4097 | D:4      | 4097 ||| Stepping ~*~*~tactically~*~*~ (cloud).
  4107 | D:4      | HP: 10/40 [poisoned by you (poison gas)]
  4273 | D:5      | Entered Level 5 of the Dungeon
  4677 | D:5      | Reached skill level 10 in Ranged Weapons
  4698 | D:5      | HP: 8/40 [iguana (9)]
  4699 | D:5      | 4699 ||| READING scroll of teleportation.
  4919 | D:5      | Reached skill level 3 in Dodging
  5581 | D:5      | 5581 ||| READING scroll of identify.
  5581 | D:5      | 5581 ||| IDENTIFYING glowing green potion
  5582 | D:5      | 5582 ||| READING scroll labelled ZOYSIH GYICAO.
  5583 | D:5      | 5583 ||| DROPPING potion of brilliance.
  5699 | D:6      | Reached ** piety under Okawaru
  5807 | D:6      | HP: 5/40 [orc priest/divine providence (15)]
  5809 | D:6      | HP: 1/40 [orc priest/nerve-wracking pain (5)]
  5812 | D:6      | Slain by an orc priest

Levels and vault maps discovered:
D:1:      dpeg_arrival_castle, layout_rooms, serial_co_window_serial,
          co_window_corner_a, co_window_of_opportunity_a, co_window_paths_a,
          co_window_corner_a, co_window_paths_a, co_window_paths_b,
          co_window_broadway_c, co_window_broadway_c, co_window_cross_2,
          co_window_paths_e, glass_columns_b, glass_columns_a, glass_columns_c
D:2:      layout_loops_ring, basic_altar, serial_co_window_serial,
          co_window_corner_a, co_window_corner_a, co_window_paths_a,
          co_window_paths_b, co_window_corner_a, co_window_broadway_a,
          co_window_broadway_b, co_window_broadway_a, co_window_cross_3,
          co_window_of_opportunity_b, co_window_paths_d, co_window_4corner_b,
          glass_columns_b, glass_columns_a, glass_columns_c, glass_columns_b,
          glass_columns_c, kennysheep_generic_room_7
D:3:      layout_basic, shapermc_ecumenical_altar_gd, minmay_quadrilaterals
D:4:      gammafunk_steamed_eel, layout_loops_corners, zin_academy
D:5:      layout_layer_cave
D:6:      layout_gridville, minmay_temple_entry_hall, minmay_manual_mail

Skill      XL: |  1  2  3  4  5  6  7 |
---------------+----------------------+-----
Ranged Weapons | 6 7 9 10 | 10.7
Invocations    | 2 3 4 |  4.2
Fighting       | 2 |  2.4
Armour         | 1 |  1.2
Dodging        | 3 |  3.2
Stealth        | |  1.2

Action                     |  1- 3 |  4- 6 |  7- 9 || total
---------------------------+-------+-------+-------++-------
   Fire: Shortbow          |   137 |   144 |   163 ||   444
 Invoke: Heroism           |       |     1 |       ||     1
    Use: Scroll            |     4 |     4 |     5 ||    13
         Potion            |     2 |     1 |       ||     3
 Armour: Ring mail         |    52 |    42 |    58 ||   152
  Dodge: Dodged            |    54 |    42 |    49 ||   145

Table legend:
 A = Non-vault XP
 B = Vault XP
 C = Vault XP percentage of total XP
 D = Non-vault monster count
 E = Vault monster count
 F = Vault count percentage of total count
                 A         B        C        D         E       F
            +---------+---------+-------+---------+---------+-------
      Total |    1244 |      75 |   5.7 |     107 |       7 |   6.1
            +---------+---------+-------+---------+---------+-------
        D:1 |      51 |       0 |   0.0 |      30 |       0 |   0.0
        D:2 |      27 |      16 |  37.2 |      16 |       3 |  15.8
        D:3 |     424 |      59 |  12.2 |      19 |       4 |  17.4
        D:4 |     231 |       0 |   0.0 |      18 |       0 |   0.0
        D:5 |     423 |       0 |   0.0 |      20 |       0 |   0.0
        D:6 |      88 |       0 |   0.0 |       4 |       0 |   0.0
            +---------+---------+-------+---------+---------+-------
